 Dungeon Crawl Stone Soup version 0.31-a0-233-g139696dc86 (webtiles) character file.

Game seed: 11334833327998262588

538 qw the Shooter (level 7, -2/43 HPs)
             Began as a Gargoyle Hexslinger on July 7, 2023.
             Was an Initiate of Okawaru.
             Killed by divine providence
             ... invoked by an orc priest
              (13 damage)
             ... on level 5 of the Dungeon.
             The game lasted 00:01:31 (3548 turns).

qw the Shooter (Gargoyle Hexslinger)                Turns: 3548, Time: 00:01:31

Health: -2/43      AC: 12    Str: 12    XL:     7   Next: 26%
Magic:  8/8        EV: 10    Int: 13    God:    Okawaru [......]
Gold:   248        SH:  0    Dex: 14    Spells: 7/8 levels left

rFire   . . .        Y - +0 orcbow (freeze)
rCold   . . .        (shield currently unavailable)
rNeg    + . .        h - +0 ring mail
rPois   inf          a - +0 helmet
rElec   +            e - +0 cloak
rCorr   .            (no gloves)
SInv    .            (no boots)
Will    .....        (no amulet)
Stlth   +            (no ring)
HPRegen 0.27/turn    (no ring)
MPRegen 0.11/turn

%: no passive effects
@: no status effects
A: sickness immunity, AC +4, negative energy resistance 1, electricity
resistance, torment resistance 1, petrification resistance
a: Renounce Religion


You were on level 5 of the Dungeon.
You worshipped Okawaru.
Okawaru was noncommittal.
You visited 2 branches of the dungeon, and saw 6 of its levels.

You collected 248 gold pieces.


Innate Abilities, Weirdness & Mutations

You are immune to sickness and miasma.
Your stone body is resilient. (AC +4)
You are immune to poison.
You resist negative energy. (rN+)
You are resistant to electric shocks. (rElec)
You are resistant to unholy torment.
You are immune to petrification.


   Skills:
 - Level 4.2 Fighting
 + Level 6.5 Ranged Weapons
 - Level 1.0 Armour
 - Level 1.5 Dodging
 - Level 1.0 Spellcasting
 - Level 2.6 Hexes


You had 7 spell levels left.
You knew the following spells:

 Your Spells              Type           Power      Damage    Failure   Level
a - Slow                  Hex            28%        N/A       22%         1

Your spell library contained the following spells:

 Spells                   Type           Power      Damage    Failure   Level
 Inner Flame              Hex/Fire       4%         N/A       73%         3
 Portal Projectile        Hex/Tloc       8%         N/A       73%         3
 Cause Fear               Hex            3%         N/A       91%         4

Inventory:

Hand Weapons
 Y - a +0 orcbow of freezing (weapon)
Armour
 a - a +0 helmet (worn)
 e - a +0 cloak (worn)
 h - a +0 ring mail (worn)
 k - a +2 cloak
Scrolls
 c - a scroll of identify
 l - a scroll of vulnerability {unknown}
Potions
 b - 4 potions of curing
 d - a potion of enlightenment
 f - a potion of cancellation
 g - a potion of might
 i - a potion of haste {unknown}
 j - a potion of resistance

Dungeon Overview and Level Annotations

Branches:
Dungeon (5/15)             Temple (1/1) D:4

Altars:
Cheibriados
Dithmenos
Elyvilon
Fedhas
Gozag
Hepliaklqana
Kikubaaqudgha
Makhleb
Nemelex Xobeh
Okawaru
Qazlal
Ru
Sif Muna
Trog
Uskayaw
Vehumet
Wu Jian
Xom
Yredelemnul
Zin
The Shining One


Message History

You shoot an arrow. The arrow barely misses the orc.
An orc comes into view. It is wielding a +0 dagger.
The orc hits you with a +2 short sword of electrocution.
You shoot an arrow. The orc shouts!
The arrow hits the orc but does no damage.
The orc is almost dead.
The orc priest hits you but does no damage.
The orc closely misses you.
3543 ||| Stepping ~*~*~tactically~*~*~ (outnumbered).
The orc attacks as you move away! The orc hits you but does no damage.
The orc priest attacks as you move away!
The orc priest hits you with a +0 short sword.
You shoot an arrow. The arrow hits the orc!
The arrow freezes the orc.
You kill the orc!
Okawaru accepts your kill.
The orc priest hits you but does no damage.
You shoot an arrow. The arrow hits the orc priest.
The arrow freezes the orc priest.
The orc priest is heavily wounded.
The orc priest hits you with a +0 short sword.
The orc priest calls down the wrath of Beogh upon you.
Beogh smites you!
You shoot an arrow. The arrow hits the orc priest.
The arrow freezes the orc priest.
The orc priest is severely wounded.
The orc priest hits you but does no damage.
You shoot an arrow. The arrow hits the orc priest.
The arrow freezes the orc priest.
The orc priest is almost dead.
The orc priest calls upon Beogh to heal the orc priest.
The orc priest is healed somewhat.
The orc priest invokes the aid of Beogh against you.
Pain shoots through your body!
You shoot an arrow. The arrow barely misses the orc priest.
The arrow hits the orc priest!
The arrow freezes the orc priest.
The orc priest is heavily wounded.
The orc priest calls down the wrath of Beogh upon you.
Beogh smites you!
You die...

###########
#oo@......#
#o#######.##### #.##
#.....# #
......###.###.# #
o#. #.....# #.# ##
.o.. #####.###.###
#. .. .. #.......#
#+ ##.
..#######.#.###.###.
.........#(# #.##..


You could see 2 orc priests and an orc wizard.

Vanquished Creatures
  Blork the orc (D:4)
  2 scorpions
  2 hounds
  2 iguanas
  An orc wizard (D:5)
  Robin (D:4)
  4 gnolls (D:5)
  6 adders
  An ufetubus (D:4)
  5 dart slugs
  8 orcs
  7 bats
  3 endoplasms (D:1)
  4 giant cockroaches
  13 goblins
  14 hobgoblins
  7 kobolds
  3 quokkas
  9 ball pythons
  5 frilled lizards
98 creatures vanquished.

Notes
Turn   | Place    | Note
-------+----------+-------------------------------------------
     0 | D:1      | qw the Gargoyle Hexslinger began the quest for the Orb.
     0 | D:1      | Reached XP level 1. HP: 12/12 MP: 2/2
     0 | D:1      | 0 ||| qw: Version: 0.3-a-46-gb1f654a
     0 | D:1      | 0 ||| qw: Game counter: 2998
     0 | D:1      | 0 ||| qw: Melee chars always use a shield: true
     0 | D:1      | 0 ||| qw: God list: Okawaru
     0 | D:1      | 0 ||| qw: Allow faded altars: false
     0 | D:1      | 0 ||| qw: Do Orc after clearing Dungeon:15 true
     0 | D:1      | 0 ||| qw: Do second Lair branch before Depths: true
     0 | D:1      | 0 ||| qw: Lair rune preference: random
     0 | D:1      | 0 ||| qw: Goals: Normal
     0 | D:1      | 0 ||| PLANNING D:1-11
    76 | D:1      | 76 ||| FLEEEEING.
    77 | D:1      | 77 ||| FLEEEEING.
    78 | D:1      | 78 ||| FLEEEEING.
    79 | D:1      | 79 ||| FLEEEEING.
    80 | D:1      | 80 ||| FLEEEEING.
    83 | D:1      | 83 ||| FLEEEEING.
    84 | D:1      | 84 ||| FLEEEEING.
   100 | D:1      | Reached XP level 2. HP: 15/16 MP: 3/3
   128 | D:1      | Reached skill level 3 in Ranged Weapons
   247 | D:1      | Reached XP level 3. HP: 21/21 MP: 4/4
   476 | D:1      | 476 ||| UPGRADING to +0 leather armour.
   486 | D:1      | 486 ||| DROPPING +0 robe.
   487 | D:1      | 487 ||| UPGRADING to +0 ring mail.
   497 | D:1      | 497 ||| DROPPING +0 leather armour.
   498 | D:1      | 498 ||| READING scroll labelled RAVOKH POEGUABB.
   499 | D:1      | 499 ||| DROPPING scroll of poison.
   883 | D:2      | Reached XP level 4. HP: 15/26 MP: 5/5
  1129 | D:2      | Reached skill level 4 in Ranged Weapons
  1374 | D:2      | 1374 ||| READING scroll labelled LASHATH UNWAG.
  1375 | D:2      | 1375 ||| READING 3 scrolls labelled BYQEMI SETWE.
  1376 | D:2      | 1376 ||| READING 2 scrolls of identify.
  1376 | D:2      | 1376 ||| IDENTIFYING golden potion
  1443 | D:3      | Reached skill level 1 in Armour
  1586 | D:3      | Reached XP level 5. HP: 29/30 MP: 6/6
  1674 | D:3      | Reached skill level 5 in Ranged Weapons
  1929 | D:3      | 1929 ||| READING scroll labelled AKIWE POTRUHI.
  1929 | D:3      | Identified a scroll of acquirement
  1929 | D:3      | 1929 ||| ACQUIRING +0 orcbow of freezing
  1929 | D:3      | Acquired a +0 orcbow of freezing
  1931 | D:3      | 1931 ||| SWAPPING to +0 orcbow of freezing.
  1932 | D:3      | 1932 ||| DROPPING +1 sling.
  1933 | D:3      | 1933 ||| READING scroll labelled NUSHOAR URILU.
  1937 | D:3      | 1937 ||| READING 3 scrolls of identify.
  1937 | D:3      | 1937 ||| IDENTIFYING bubbling puce potion
  1938 | D:3      | 1938 ||| READING 2 scrolls of identify.
  1938 | D:3      | 1938 ||| IDENTIFYING pink potion
  1939 | D:3      | 1939 ||| DROPPING potion of berserk rage.
  1940 | D:3      | 1940 ||| DROPPING potion of degeneration.
  1990 | D:4      | Noticed Robin
  2014 | D:4      | Killed Robin
  2015 | D:4      | Reached skill level 3 in Fighting
  2109 | D:4      | Found a staircase to the Ecumenical Temple.
  2110 | D:4      | 2110 ||| PLANNING TEMPLE
  2110 | D:4      | 2110 ||| UPGRADING to +0 helmet.
  2115 | D:4      | 2115 ||| UPGRADING to +0 cloak.
  2120 | D:4      | 2120 ||| READING 3 scrolls of identify.
  2120 | D:4      | 2120 ||| IDENTIFYING silvery potion
  2121 | D:4      | 2121 ||| READING 2 scrolls of identify.
  2121 | D:4      | 2121 ||| IDENTIFYING black potion
  2157 | Temple   | Entered the Ecumenical Temple
  2233 | Temple   | 2233 ||| PLANNING OKAWARU WORSHIP
  2468 | Temple   | Became a worshipper of Warmaster Okawaru
  2469 | Temple   | 2469 ||| PLANNING D:1-11
  2505 | D:4      | Noticed Blork the orc
  2516 | D:4      | Killed Blork the orc
  2517 | D:4      | Reached XP level 6. HP: 22/37 MP: 7/7
  2659 | D:4      | Reached skill level 6 in Ranged Weapons
  3153 | D:4      | 3153 ||| DRINKING 2 murky clear potions.
  3154 | D:4      | 3154 ||| READING 2 scrolls of identify.
  3154 | D:4      | 3154 ||| IDENTIFYING purple potion
  3186 | D:5      | Entered Level 5 of the Dungeon
  3214 | D:5      | Reached XP level 7. HP: 43/43 MP: 8/8
  3410 | D:5      | 3410 ||| FLEEEEING.
  3543 | D:5      | 3543 ||| Stepping ~*~*~tactically~*~*~ (outnumbered).
  3548 | D:5      | Killed from afar by an orc priest

Levels and vault maps discovered:
D:1:      dpeg_arrival_refuge, layout_rooms
D:2:      layout_loops_ring, amcnicky_mini_pool_small, chequers_decorated_corner
D:3:      layout_rooms, minmay_misc_feat_columns, minmay_distorted
D:4:      layout_basic, temple_doors_e, kennysheep_generic_room_5,
          uniq_blork_the_orc, uniq_robin
D:5:      layout_loops_corners, nicolae_overflow_hidden_temple,
          chequers_serial_rivers_micro_d, nicolae_hexahallways, minivault_23,
          supply_closet_lemuel
Temple:   regret_index_temple_sigil_plot

Skill      XL: |  1  2  3  4  5  6 |
---------------+-------------------+-----
Ranged Weapons | 3 4 5 6 |  6.5
Fighting       | 2 3 4 |  4.2
Armour         | 1 |  1.0
Dodging        | |  1.5
Spellcasting   | |  1.0
Hexes          | |  2.6

Action                     |  1- 3 |  4- 6 |  7- 9 || total
---------------------------+-------+-------+-------++-------
   Fire: Sling             |   114 |   117 |       ||   231
         Orcbow            |       |    69 |    62 ||   131
    Use: Scroll            |     1 |    10 |       ||    11
         Potion            |       |     1 |       ||     1
 Armour: Robe              |     8 |       |       ||     8
         Ring mail         |    10 |    69 |    34 ||   113
  Dodge: Dodged            |    35 |    70 |    19 ||   124

Table legend:
 A = Non-vault XP
 B = Vault XP
 C = Vault XP percentage of total XP
 D = Non-vault monster count
 E = Vault monster count
 F = Vault count percentage of total count
                 A         B        C        D         E       F
            +---------+---------+-------+---------+---------+-------
      Total |     586 |     183 |  23.8 |      80 |      18 |  18.4
            +---------+---------+-------+---------+---------+-------
        D:1 |      39 |       0 |   0.0 |      20 |       0 |   0.0
        D:2 |      67 |       0 |   0.0 |      18 |       0 |   0.0
        D:3 |      83 |      45 |  35.2 |      20 |       3 |  13.0
        D:4 |     164 |     138 |  45.7 |      11 |      15 |  57.7
        D:5 |     233 |       0 |   0.0 |      11 |       0 |   0.0
            +---------+---------+-------+---------+---------+-------
